 Dungeon Crawl Stone Soup version 0.27.1-37-g7b29ead8ac (webtiles) character file.

Game seed: 6670735911246993447

30 AarnesTheHuman the Changer (level 3, 0/23 HPs)
             Began as an Octopode Transmuter on Sept 4, 2023.
             Slain by a crimson imp (3 damage)
             ... summoned by Natasha
             ... on level 2 of the Dungeon.
             The game lasted 00:02:06 (1770 turns).

AarnesTheHuman the Changer (Octopode Transmuter)    Turns: 1770, Time: 00:02:07

Health: 0/23       AC:  1    Str:  9    XL:     3   Next: 18%
Magic:  6/6        EV: 13    Int: 16    God:
Gold:   65         SH:  0    Dex: 12    Spells: 3/6 levels left

rFire    . . .     SeeInvis .   a - +0 dagger
rCold    . . .     Faith    .   (no shield)
rNeg     . . .     Spirit   .   (helmet restricted)
rPois    .         Reflect  .   (no amulet)
rElec    .         Harm     .   (no ring)
rCorr    .         Rampage  .   (no ring)
Will     .....                  (no ring)
Stlth    +++.......             (no ring)
HPRegen  0.07/turn              (no ring)
MPRegen  0.10/turn              (no ring)
                                (no ring)
                                (no ring)

@: no status effects
A: almost no armour, amphibious, 8 rings, camouflage 1, gelatinous body 1,
(nimble swimmer 1), tentacles
a: no special abilities


You were on level 2 of the Dungeon.
You visited 1 branch of the dungeon, and saw 2 of its levels.

You collected 65 gold pieces.

Inventory:

Hand Weapons
 a - a +0 dagger (weapon)
Missiles
 d - 6 stones
Scrolls
 b - 2 scrolls of magic mapping {unknown}
 c - a scroll of brand weapon {unknown}
 e - a scroll of fog {unknown}


   Skills:
 - Level 1.0 Fighting
 - Level 2.0 Dodging
 - Level 1.0 Stealth
 - Level 3.0 Unarmed Combat
 - Level 2.0 Spellcasting
 + Level 3.4 Transmutations


You had 3 spell levels left.
You knew the following spells:

 Your Spells              Type           Power      Damage    Failure   Level
a - Beastly Appendage     Tmut           24%        N/A       4%          1
b - Wereblood             Tmut           12%        N/A       8%          2

Your spell library contained the following spells:

 Spells                   Type           Power      Damage    Failure   Level
 Passwall                 Tmut/Erth      5%         N/A       16%         2
 Sandblast                Erth           2%         2d4       21%         1
 Spider Form              Tmut/Pois      3%         N/A       30%         3
 Ice Form                 Ice/Tmut       7%         N/A       71%         4
 Lee's Rapid Deconstruct  Erth           0%         3d5*      99%         5


Dungeon Overview and Level Annotations

Branches:
Dungeon (2/15)

Altars:

Annotations:
D:2 Natasha


Innate Abilities, Weirdness & Mutations

You cannot wear most types of armour.
You are amphibious.
You can wear up to eight rings at the same time.
Your skin changes colour to match your surroundings (Stealth+).
Your rubbery body absorbs attacks. (AC +1, EV +1)
((You are camouflaged near water. (Stealth+)))
You have tentacles for arms and can constrict up to eight enemies at once.


Message History

There is a stone staircase leading down here.
You start waiting.
You feel yourself speed up.
You climb downwards.
Level annotation: Natasha
There is a stone staircase leading up here.
Casting: Beastly Appendage (safe; 4% risk of failure)
Confirm with . or Enter, or press ? or * to list all spells.
One of your tentacles grows a vicious spike.
Your transformation is almost over.
Magic restored.
Natasha is nearby!
Natasha casts a spell.
You barely miss the crimson imp. Your grab misses the crimson imp.
Natasha mumbles some strange words.
You feel disoriented. Natasha claws you. The crimson imp hits you.
You miss the crimson imp. You grab the crimson imp.
You pierce the crimson imp, but do no damage.
Your tentacle spike disappears.
You constrict the crimson imp, but do no damage.
Natasha closely misses you. The crimson imp barely misses you.
You closely miss Natasha. Your grab misses Natasha.
You constrict the crimson imp. Natasha closely misses you.
The crimson imp hits you.
You hit Natasha. You grab Natasha.
Natasha is lightly wounded.
You constrict Natasha, but do no damage.
You constrict the crimson imp. Natasha barely misses you.
The crimson imp shouts, "Back with thee, thou ducking moon-mazed tiddler!"
The crimson imp hits you.
You completely miss Natasha.
Natasha is lightly wounded.
You constrict Natasha. You constrict the crimson imp.
Natasha wildly gestures.
Natasha glows brightly for a moment.
Natasha claws you.
* * * LOW HITPOINT WARNING * * *
The crimson imp hits you.
You die...

#..## #.# #.## ##.###.
##'## ..... ##...## ....
##.....## #####.####
##.......###........#
#.........##.#..>##.###..
'.........'.<............
#.........##.#.5@#..#####
##.......###.##h###.#
##.....## #.###.#..#
##.<.## #.# ##.#.# ##'##
#.####.#.# #.# #........#
###.###########.###
#.......# #.# #.....#.#
#.#


You could see Natasha and a crimson imp (summoned).

Vanquished Creatures
  5 ball pythons (D:1)
  3 endoplasms
  2 giant cockroaches (D:1)
  A goblin (D:1)
  2 hobgoblins (D:1)
  4 jackals (D:1)
  A quokka (D:1)
  2 bats (D:1)
  3 frilled lizards
  3 kobolds
  A rat (D:1)
27 creatures vanquished.

Notes
Turn   | Place    | Note
-------+----------+-------------------------------------------
     0 | D:1      | AarnesTheHuman the Octopode Transmuter began the quest for
                  | the Orb.
     0 | D:1      | Reached XP level 1. HP: 13/13 MP: 3/3
   239 | D:1      | Reached skill level 1 in Stealth
   282 | D:1      | Reached XP level 2. HP: 5/18 MP: 5/5
   533 | D:1      | Learned a level 2 spell: Wereblood
   838 | D:1      | Reached XP level 3. HP: 23/23 MP: 4/6
  1452 | D:2      | Noticed Natasha
  1770 | D:2      | Slain by a crimson imp

Illustrated notes

Levels and vault maps discovered:
D:1:      kennysheep_arrival_forest, layout_rooms
D:2:      layout_loops_corners, serial_shops, nicolae_shop_statue_plus,
          ebering_ecumenical_altar_box, uniq_jessica, uniq_natasha

Skill      XL: |  1  2 |
---------------+-------+-----
Stealth        | 1 |  1.0
Transmutations | 3 |  3.4
Fighting       | |  1.0
Dodging        | |  2.0
Unarmed Combat | |  3.0
Spellcasting   | |  2.0

Action                   || total
-------------------------++-------
Melee: Unarmed           ||    17
       Constrict         ||    13
       Tentacles         ||     8
       Kick              ||     6
       Punch             ||     3
       Dagger            ||    70
 Cast: Beastly Appendage ||     6
       Wereblood         ||     1
 Stab: Sleeping          ||     9
Armor: Skin              ||    19
Dodge: Dodged            ||    46
